 Dungeon Crawl Stone Soup version 0.21-a0-440-g28109cb (webtiles) character file.

704 kae the Cleaver (level 7, 0/63 HPs)
             Began as a Hill Orc Fighter on Nov 11, 2017.
             Was an Initiate of Okawaru.
             Succumbed to an orc wizard's poison
             ... on level 5 of the Dungeon.
             The game lasted 00:04:39 (4509 turns).

kae the Cleaver (Hill Orc Fighter)                  Turns: 4509, Time: 00:04:39

Health: 0/63       AC:  7    Str: 21    XL:     7   Next: 67%
Magic:  7/7        EV:  8    Int: 13    God:    Okawaru [......]
Gold:   232        SH:  9    Dex: 10    Spells: 6/6 levels left

rFire    + . .     SeeInvis .   a - +0 war axe
rCold    + . .     Gourm    .   c - +0 shield
rNeg     . . .     Faith    .   l - +0 ring mail (curse)
rPois    +         Spirit   .   (no helmet)
rElec    +         Reflect  .   (no cloak)
rCorr    +         Harm     .   n - +0 pair of gloves (curse)
MR       .....                  (no boots)
Stlth    ..........             (no amulet)
HPRegen  0.20/turn              j - ring of loudness (curse)
MPRegen  0.10/turn              e - ring of flight

@: brilliant, lethally poisoned (0 -> -12), resistant
A: no striking features
a: Renounce Religion, Evoke Flight


You were on level 5 of the Dungeon.
You worshipped Okawaru.
Okawaru was noncommittal.
You were hungry.

You visited 2 branches of the dungeon, and saw 6 of its levels.

You collected 232 gold pieces.

Inventory:

Hand Weapons
 a - a +0 war axe (weapon)
Armour
 b - a +0 scale mail
 c - a +0 shield (worn)
 l - a cursed +0 ring mail (worn)
 m - a +1 plate armour
 n - a cursed +0 pair of gloves (worn)
Jewellery
 e - a ring of flight (right hand)
 j - a cursed ring of loudness (left hand)
 w - an uncursed ring of wizardry {unknown}
Wands
 h - a wand of disintegration (24/24)
 y - a wand of flame (17/48)
Scrolls
 g - 3 scrolls of teleportation
 u - a scroll of remove curse {unknown}
 z - a scroll of identify
 A - a scroll of blinking {unknown}
Potions
 d - 2 potions of might
 k - 2 potions of flight
 q - a potion of magic
 s - a potion of brilliance
 t - a potion of resistance
 v - a potion of haste {unknown}
Books
 p - a book of Minor Magic

   Spells                             Type                      Level
   a - Magic Dart                     Conjuration                  1
   b - Blink                          Translocation                2
   c - Call Imp                       Summoning                    2
   d - Slow                           Hexes                        2
   e - Conjure Flame                  Conjuration/Fire             3
   f - Mephitic Cloud                 Conjuration/Poison/Air       3
Comestibles
 f - 5 bread rations
 o - 4 royal jellies
 r - 3 meat rations
 x - 3 fruits


   Skills:
 + Level 6.0 Fighting
 * Level 8.0 Axes
 + Level 5.5 Armour
 - Level 3.2 Shields
 + Level 0.2 Invocations


You had 6 spell levels left.
You didn't know any spells.

Dungeon Overview and Level Annotations

Branches:
Dungeon (5/15)             Temple (1/1) D:5

Altars:
Ashenzari
Cheibriados
Dithmenos
Elyvilon
Fedhas
Gozag
Hepliaklqana
Kikubaaqudgha
Makhleb
Nemelex Xobeh
Okawaru
Qazlal
Ru
Sif Muna
Uskayaw
Wu Jian
Xom
Yredelemnul
Zin

Shops:
D:5 *

Annotations:
D:2 1 runed door


Message History

* * * LOW HITPOINT WARNING * * *
You feel sick.
* * * LOW HITPOINT WARNING * * *
You feel sick.
* * * LOW HITPOINT WARNING * * *
You feel sick.
* * * LOW HITPOINT WARNING * * *
You feel sick.
* * * LOW HITPOINT WARNING * * *
You feel sick.
It was a potion of magic.
Magic courses through your body.
* * * LOW HITPOINT WARNING * * *
You feel sick.
It was a potion of brilliance.
You feel clever all of a sudden.
* * * LOW HITPOINT WARNING * * *
You feel sick.
It was a potion of resistance.
You feel protected.
You die...

#.................###.........#
#########..(......###..........
#...............#.##...
#######..#...####.....#
##.####...####.... #####..#
###...##..## #.....####
###.###... ###.##.....###
#.....#. #......@.....#
####..#.
###.######.#.########.## #.#
#................. #.#
#................. ..#
#................. .##
#......(.)........ #.
#....!..)))........ ..
...................>
.!#####..####........


There were no monsters in sight!

Vanquished Creatures
  A scorpion (D:4)
  A water moccasin skeleton (D:2)
  A crimson imp (D:5)
  3 hounds (D:4)
  A jelly (D:5)
  An orc priest (D:3)
  2 orc wizards
  3 iguanas (D:4)
  Natasha (D:2)
  A worker ant (D:4)
  A howler monkey zombie (D:4)
  5 adders
  8 gnolls
  6 worms
  2 dart slugs (D:1)
  2 leopard geckos
  11 orcs
  6 bats
  5 giant cockroaches
  5 goblins
  7 hobgoblins
  8 jackals
  2 quokkas
  2 ball pythons
  4 frilled lizards
  A jackal skeleton (D:4)
  9 kobolds
  2 quokka skeletons
  4 rats
105 creatures vanquished.

Notes
Turn   | Place    | Note
-------+----------+-------------------------------------------
     0 | D:1      | kae the Hill Orc Fighter began the quest for the Orb.
     0 | D:1      | Reached XP level 1. HP: 19/19 MP: 1/1
    85 | D:1      | Reached skill level 3 in Axes
   102 | D:1      | Reached XP level 2. HP: 24/27 MP: 2/2
   613 | D:1      | Reached XP level 3. HP: 31/33 MP: 3/3
   807 | D:1      | Reached skill level 4 in Axes
   948 | D:2      | Reached XP level 4. HP: 36/40 MP: 4/4
   973 | D:2      | Found a runed door.
   991 | D:2      | Found a shattered altar of Ashenzari.
  1158 | D:2      | Reached skill level 5 in Axes
  1158 | D:2      | Reached XP level 5. HP: 39/47 MP: 5/5
  1167 | D:2      | Noticed Natasha
  1174 | D:2      | Killed Natasha
  1966 | D:3      | Reached skill level 5 in Fighting
  1992 | D:3      | Reached XP level 6. HP: 18/56 MP: 6/6
  2254 | D:3      | Reached skill level 6 in Axes
  2862 | D:4      | Reached skill level 5 in Armour
  2864 | D:4      | Reached skill level 7 in Axes
  2864 | D:4      | Reached XP level 7. HP: 54/61 MP: 7/7
  3759 | D:5      | Entered Level 5 of the Dungeon
  4011 | D:5      | Found a staircase to the Ecumenical Temple.
  4074 | D:5      | Found Ribiadd's Retail Resort.
  4350 | Temple   | Entered the Ecumenical Temple
  4417 | Temple   | Became a worshipper of Warmaster Okawaru
  4494 | D:5      | Reached skill level 8 in Axes
  4507 | D:5      | HP: 3/63 [poisoned by an orc wizard]
  4509 | D:5      | Succumbed to an orc wizard's poison

Vault maps used:
D:1:      sevenhm_arrival_forest_fort_large_4, minmay_small_reverse_x
D:2:      lemuel_crystal_altar, minivault_4, uniq_natasha,
          uniq_crazy_yiuf_cottage
D:3:      first_bread
D:5:      temple_hall, nicolae_alphabet_shops
Temple:   regret_index_temple_sigil_plot

Skill      XL: |  1  2  3  4  5  6  7 |
---------------+----------------------+-----
Axes           | 3 4 5 7 8 |  8.0
Fighting       | 4 5 6 |  6.0
Armour         | 4 5 |  5.5
Shields        | |  3.2
Invocations    | |  0.2

Action                   |  1- 3 |  4- 6 |  7- 9 || total
-------------------------+-------+-------+-------++-------
Melee: War axe           |   108 |   150 |    96 ||   354
  Use: Scroll            |       |     6 |     2 ||     8
       Potion            |       |     1 |     4 ||     5
  Eat: Chunk             |       |     7 |     4 ||    11
Armor: Scale mail        |    32 |       |       ||    32
       Ring mail         |    21 |    42 |    54 ||   117
Dodge: Dodged            |    34 |    48 |    32 ||   114
Block: Shield            |    74 |    66 |    56 ||   196

Table legend:
 A = Spawn XP
 B = Non-spawn XP
 C = Spawn XP percentage of total XP
 D = Spawn monster count
 E = Non-spawn monster count
 F = Spawn count percentage of total count
 G = Total turns spent on level
                    A         B        C        D         E        F      G
               +---------+---------+-------+---------+---------+-------+---------
         Total |       0 |    1007 |   0.0 |       0 |     105 |   0.0 |  4509
               +---------+---------+-------+---------+---------+-------+---------
           D:1 |       0 |      59 |   0.0 |       0 |      27 |   0.0 |   809
           D:2 |       0 |     190 |   0.0 |       0 |      24 |   0.0 |  1075
           D:3 |       0 |      94 |   0.0 |       0 |      17 |   0.0 |   710
           D:4 |       0 |     494 |   0.0 |       0 |      25 |   0.0 |  1165
           D:5 |       0 |     170 |   0.0 |       0 |      12 |   0.0 |   654
               +---------+---------+-------+---------+---------+-------+---------
